Map: Lightshade LE

Players

uwuThermal (uThermal) - Winner!

  • Race: Terran Terran
  • League: Master

Kas

  • Race: Terran Terran
  • League: Grandmaster

Event: DreamHack SC2 Masters 2021 Summer

VOD

Have the link to the VOD?

Description

Time

  • Played on: May 21, 2021, 12:21 p.m.
  • Length: 12:32

All games in this series

Show
View Real Time Build Order
Export as new Build Order

uwuThermal Terran - Winner!

Build Orders: Mech 

Get SALT Encoding   

  12  0:00  SCV  
  13  0:12  SCV  
  14  0:17  Supply Depot  
  14  0:24  SCV  
  15  0:38  SCV  
  15  0:41  Barracks  
  16  0:44  Refinery  
  16  0:50  SCV  
  16  0:53  Refinery  
  17  1:03  SCV  
  18  1:15  SCV  
  19  1:28  Reaper, Orbital Command  
  19  1:30  Supply Depot  
  20  1:40  Factory  
  20  1:54  SCV  
  21  2:00  Reaper  
  22  2:06  SCV  
  23  2:18  Command Center  
  23  2:23  SCV  
  23  2:27  Hellion  
  26  2:32  Reaper  
  26  2:35  SCV  
  28  2:38  Supply Depot  
  28  2:47  SCV  
  28  2:49  Hellion  
  31  2:55  Starport  
  31  2:59  SCV  
  31  3:05  Barracks Tech Lab  
  32  3:11  Factory Tech Lab  
  32  3:12  SCV  
  33  3:20  Refinery  
  33  3:24  SCV  
  34  3:29  Cyclone  
  34  3:30  Orbital Command  
  37  3:36  SCV  
  38  3:43  Raven  
  38  3:48  SCV  
  41  3:56  SCV  
  41  4:00  SCV  
  41  4:02  Cyclone  
  46  4:08  Command Center  
  46  4:13  SCV x2  
  48  4:18  Supply Depot  
  48  4:25  SCV  
  48  4:26  Raven  
  48  4:28  SCV  
  52  4:31  Refinery  
  52  4:37  SCV  
  53  4:38  Supply Depot  
  53  4:40  SCV, Siege Tank  
  53  4:43  Barracks Reactor  
  57  4:49  SCV  
  59  4:52  SCV  
  59  5:00  Supply Depot  
  59  5:01  SCV  
  59  5:05  SCV  
  60  5:10  Raven  
  60  5:13  SCV  
  60  5:17  SCV  
  60  5:18  Siege Tank  
  60  5:20  Marine x2  
  60  5:21  Orbital Command  
  66  5:25  SCV  
  67  5:29  SCV  
  68  5:37  SCV  
  68  5:38  Marine x2  
  68  5:41  SCV  
  72  5:48  Supply Depot  
  73  5:50  SCV, Siege Tank  
  73  5:51  Orbital Command  
  73  5:53  SCV  
  77  5:57  Refinery  
  77  6:01  Refinery  
  77  6:02  SCV  
  78  6:05  SCV  
  78  6:07  Barracks Reactor  
  78  6:10  Factory, Viking  
  78  6:11  Factory, Viking  
  83  6:14  SCV  
  83  6:15  Supply Depot  
  83  6:16  SCV  
  83  6:17  SCV  
  86  6:26  SCV  
  86  6:28  SCV, Siege Tank  
  86  6:29  SCV  
  92  6:33  Engineering Bay  
  92  6:38  SCV  
  93  6:40  SCV  
  93  6:41  SCV, Viking x2  
  99  6:49  Supply Depot  
  99  6:50  SCV  
  99  6:53  SCV  
  101  6:54  SCV  
  101  6:56  Siege Tank  
  101  6:57  Supply Depot  
  105  7:02  SCV  
  105  7:03  Siege Tank  
  105  7:07  Supply Depot  
  109  7:10  SCV  
  109  7:11  Hellion x2  
  109  7:14  SCV  
  115  7:16  Viking  
  115  7:19  Viking  
  115  7:21  SCV  
  120  7:23  Supply Depot  
  120  7:24  SCV  
  121  7:30  SCV  
  121  7:31  Armory  
  121  7:32  Armory  
  121  7:36  Siege Tank x2  
  127  7:39  Hellion  
  127  7:40  Hellion  
  131  7:44  Sensor Tower  
  131  7:46  Supply Depot  
  131  7:48  SCV  
  131  7:49  SCV  
  132  7:52  Viking  
  132  7:54  Viking  
  132  7:56  SCV  
  132  7:57  Supply Depot  
  137  8:02  SCV  
  138  8:06  SCV  
  138  8:09  Siege Tank  
  138  8:10  Siege Tank  
  138  8:11  Hellion x2  
  149  8:14  Supply Depot x2  
  149  8:19  Terran Vehicle And Ship Armor Level 1, Terran Vehicle Weapons Level 1  
  147  8:28  Viking x2  
  147  8:32  Smart Servos, Infernal Pre-Igniter  
  147  8:33  Supply Depot  
  149  8:41  Hellion x2  
  153  8:45  Command Center  
  153  8:47  Siege Tank  
  156  8:50  Siege Tank  
  156  8:53  Supply Depot  
  159  9:00  Viking  
  159  9:01  Viking  
  163  9:04  Hellion x2  
  163  9:06  SCV  
  157  9:18  Missile Turret  
  157  9:19  Missile Turret x2  
  157  9:22  Hellion  
  157  9:23  Factory x2  
  159  9:25  Siege Tank  
  159  9:29  Supply Depot  
  159  9:30  Hellion  
  164  9:32  Hellion  
  164  9:36  Viking  
  168  9:40  Viking  
  170  9:47  Siege Tank  
  170  9:50  SCV  
  170  9:51  Supply Depot  
  174  9:58  Hellion  
  174  9:59  Hellion, Siege Tank  
  181  10:00  SCV  
  181  10:01  SCV  
  181  10:05  SCV  
  184  10:11  Factory Reactor  
  184  10:12  Factory Tech Lab  
  184  10:13  SCV x2  
  186  10:16  Viking  
  186  10:17  Viking  
  186  10:19  SCV, Hellion  
  193  10:28  Hellion  
  193  10:31  Siege Tank  
  193  10:32  Hellion, Siege Tank  
  193  10:40  Siege Tank  
  194  10:46  Viking  
  194  10:47  Viking  
  200  10:50  Hellion  
  200  10:52  Planetary Fortress  
  172  11:18  Factory  
  172  11:19  Factory x2  
  166  11:36  Barracks  
  134  12:04  Supply Depot x2  
  129  12:16  Supply Depot  
  129  12:17  Supply Depot  
Show
View Real Time Build Order
Export as new Build Order

Kas Terran 

Build Orders:  

Get SALT Encoding   

  12  0:00  SCV  
  13  0:12  SCV  
  14  0:17  Supply Depot  
  14  0:24  SCV  
  15  0:39  SCV  
  15  0:40  Barracks  
  16  0:43  Refinery  
  16  0:51  SCV  
  16  0:53  Refinery  
  17  1:03  SCV  
  18  1:15  SCV  
  19  1:27  Reaper, Orbital Command  
  19  1:29  Supply Depot  
  20  1:43  Factory  
  20  1:53  SCV  
  21  1:59  Reaper  
  22  2:05  SCV  
  23  2:17  SCV  
  23  2:22  Command Center  
  24  2:28  Hellion  
  27  2:30  SCV  
  27  2:32  Barracks Reactor  
  27  2:40  Supply Depot  
  27  2:42  SCV  
  28  2:50  Starport  
  28  2:51  Factory Tech Lab  
  28  2:55  SCV  
  29  3:07  SCV  
  29  3:09  Marine x2  
  32  3:14  Cyclone  
  32  3:19  SCV  
  36  3:25  Refinery  
  36  3:26  Starport Tech Lab  
  36  3:28  Marine x2  
  36  3:33  Orbital Command  
  38  3:37  SCV  
  39  3:45  Raven  
  39  3:47  Marine  
  42  3:49  SCV  
  43  3:59  Siege Tank  
  43  4:01  SCV x2, Supply Depot  
  48  4:08  Marine x2  
  50  4:13  SCV x2  
  52  4:25  SCV  
  52  4:26  SCV  
  52  4:30  Raven  
  58  4:37  SCV  
  58  4:38  Supply Depot  
  59  4:39  Supply Depot  
  59  4:40  Siege Tank  
  59  4:42  SCV  
  61  4:49  SCV  
  62  4:56  Command Center  
  62  4:59  Marine  
  64  5:00  SCV  
  64  5:05  Marine  
  65  5:08  SCV  
  65  5:12  SCV  
  67  5:17  Barracks x2  
  67  5:20  SCV, Siege Tank  
  69  5:24  SCV, Supply Depot  
  69  5:25  Refinery  
  70  5:32  SCV  
  70  5:33  Viking  
  73  5:36  SCV  
  73  5:39  Viking  
  74  5:44  Marine, Stimpack  
  74  5:47  SCV  
  76  5:52  SCV  
  76  5:55  Siege Tank  
  80  5:57  Supply Depot  
  80  6:00  SCV  
  80  6:05  SCV  
  80  6:07  Barracks Reactor x2  
  80  6:08  Marine  
  80  6:09  Orbital Command  
  82  6:12  SCV  
  82  6:14  Viking x2  
  82  6:17  SCV  
  87  6:27  Orbital Command, Supply Depot, Engineering Bay x2, SCV  
  87  6:29  Siege Tank  
  91  6:33  SCV  
  91  6:39  SCV  
  93  6:43  Marine x2  
  93  6:44  Marine x2  
  93  6:45  SCV  
  98  6:50  Viking  
  98  6:51  SCV  
  101  6:56  SCV  
  101  6:57  SCV, Marine  
  101  6:59  Medivac  
  106  7:01  Marine x3  
  106  7:04  SCV  
  106  7:05  Terran Infantry Weapons Level 1  
  106  7:06  Terran Infantry Armor Level 1  
  106  7:08  SCV  
  110  7:17  Marine  
  110  7:18  Marine, Siege Tank  
  110  7:19  Marine x2  
  110  7:22  Barracks  
  117  7:24  Barracks  
  117  7:26  SCV, Marine, Supply Depot  
  119  7:30  Medivac x2  
  119  7:35  Marine  
  119  7:37  SCV x2  
  122  7:39  Marine x2  
  122  7:41  Supply Depot  
  122  7:42  Refinery, Combat Shield, Supply Depot  
  122  7:43  Refinery  
  125  7:47  Marine x2  
  125  7:48  SCV  
  125  7:49  SCV x2  
  130  7:52  Sensor Tower  
  130  7:53  Marine  
  130  7:57  Marine x2  
  133  8:02  Siege Tank  
  133  8:03  SCV x2  
  133  8:05  Marine  
  139  8:10  Armory, Supply Depot  
  139  8:14  SCV  
  139  8:15  SCV  
  139  8:17  Barracks Reactor x2  
  139  8:19  SCV  
  142  8:26  SCV, Marine  
  144  8:30  Marine x2  
  144  8:33  SCV  
  144  8:34  SCV, Supply Depot  
  147  8:35  Marine x2, Command Center  
  147  8:37  Siege Tank  
  152  8:44  Marine  
  152  8:47  Factory  
  152  8:48  Marine x2  
  155  8:49  Medivac  
  155  8:54  Marine  
  155  8:55  Marine, Medivac  
  160  8:59  SCV  
  160  9:02  Marine x2  
  161  9:03  Marine x3  
  161  9:07  Marine  
  161  9:09  Marine  
  165  9:17  Terran Infantry Armor Level 2, Terran Infantry Weapons Level 2  
  165  9:18  Supply Depot x2  
  165  9:20  Marine x5, Supply Depot  
  165  9:21  Siege Tank  
  173  9:33  Factory Tech Lab  
  173  9:37  Starport  
  173  9:38  Starport  
  173  9:39  SCV, Marine x6  
  173  9:40  SCV, Medivac  
  183  9:47  Command Center  
  183  9:53  SCV  
  184  10:07  Siege Tank x2  
  190  10:08  Sensor Tower  
  187  10:22  Viking x2  
  189  10:34  Marine  
  189  10:35  Marine x8  
  163  10:39  Siege Tank x2  
  151  10:51  Viking  
  151  10:52  Marine x5  
  151  10:53  Marine x4  
  142  11:04  Viking  
  142  11:05  Viking  
  142  11:10  Marine x9  
  142  11:11  Siege Tank  
  139  11:14  Planetary Fortress  
  139  11:18  Refinery  
  128  11:28  Marine x9  
  133  11:33  Planetary Fortress  
  102  12:10  Marine x2  
  102  12:11  Marine x3  
Tags
 
Add a new tag
Caveats
  • Supply blocks, unpowered buildings, or Contaminate may cause inaccurate times.
  • Supply counts are checked every 10 seconds.